 Dungeon Crawl Stone Soup version 0.31-a0-185-g9dded2c639 (webtiles) character file.

Game seed: 12004876208137584852

72 qw the Shooter (level 4, 0/25 HPs)
             Began as a Deep Elf Hunter on June 22, 2023.
             Succumbed to their own poison gas
             ... on level 2 of the Dungeon.
             The game lasted 00:00:39 (1739 turns).

qw the Shooter (Deep Elf Hunter)                    Turns: 1739, Time: 00:00:40

Health: 0/25       AC:  9    Str: 10    XL:     4   Next: 6%
Magic:  6/6        EV: 11    Int: 14    God:
Gold:   126        SH:  0    Dex: 18    Spells: 3/3 levels left

rFire   . . .        Y - +0 shortbow
rCold   . . .        (shield currently unavailable)
rNeg    . . .        d - +0 ring mail
rPois   .            (no helmet)
rElec   .            (no cloak)
rCorr   .            (no gloves)
SInv    .            (no boots)
Will    .....        (no amulet)
Stlth   +            g - +4 ring of protection
HPRegen 0.24/turn    (no ring)
MPRegen 0.10/turn

%: no passive effects
@: lethally poisoned (0 -> -2), weak-willed
A: no striking features
a: no special abilities


You were on level 2 of the Dungeon.
You visited 1 branch of the dungeon, and saw 2 of its levels.

You collected 126 gold pieces.


   Skills:
 - Level 1.5 Fighting
 + Level 7.5 Ranged Weapons
 - Level 2.4 Dodging
 - Level 1.2 Stealth


You had 3 spell levels left.
You didn't know any spells.
Your spell library was empty.

Inventory:

Hand Weapons
 Y - a +0 shortbow (weapon)
Armour
 d - a +0 ring mail (worn)
Jewellery
 g - a +4 ring of protection (left hand)
Scrolls
 a - a scroll of identify
Potions
 b - a potion of lignification {unknown}

Dungeon Overview and Level Annotations

Branches:
Dungeon (2/15)

Altars:


Message History

As you read the scroll labelled QEN WI FUNOENASCH, it crumbles to dust.
It was a scroll of poison.
Partly explored, can't reach some places.
(D) Dungeon
Where to? (* - list waypoints, Enter - D:2, ? - help)
What level of the Dungeon? (default 1, ? - help) Sorry, I don't know how to get there.
Enter note:
Enter note:
Enter note:
Enter note:
Enter note:
Enter note:
Enter note:
Enter note:
Enter note:
Enter note:
Enter note:
Enter note: Really walk into that cloud of poison gas?
You are engulfed in poison gas.
You are poisoned.
You feel very sick.
1731 ||| Stepping ~*~*~tactically~*~*~ (cloud).
You feel very sick.
There is a lethal amount of poison in your body!
You feel very sick.
There is a lethal amount of poison in your body!
You feel sick.
There is a lethal amount of poison in your body!
You feel sick.
There is a lethal amount of poison in your body!
You feel sick.
There is a lethal amount of poison in your body!
You feel sick.
There is a lethal amount of poison in your body!
You feel sick.
There is a lethal amount of poison in your body!
You feel sick.
There is a lethal amount of poison in your body!
You die...

.##.......#....###.#
.####...#........#.#
........#...##.#.#.#
#.#.....###....#.#.#
..................>#
#............(...#.#
###..#############.#
# #....###########.#
# #.##.....#00¤¤@#.#
# #.##.....#.###¤#.#
###........#.# #0#.#
...####....#.# #¤#.#
...# #....#.# #0#.#
...# #....#.# #¤#.#
...# #....#.# #¤#.#
...# #....#.###0#.#
...# #....'.#...#.#


There were no monsters in sight!

Vanquished Creatures
  2 adders (D:2)
  A worm (D:2)
  A dart slug (D:2)
  3 endoplasms
  5 giant cockroaches
  2 hobgoblins (D:1)
  2 jackals (D:2)
  9 kobolds
  3 quokkas
  5 ball pythons
  2 bats (D:1)
  A frilled lizard (D:1)
  2 goblins
  12 rats
50 creatures vanquished.

Notes
Turn   | Place    | Note
-------+----------+-------------------------------------------
     0 | D:1      | qw the Deep Elf Hunter began the quest for the Orb.
     0 | D:1      | Reached XP level 1. HP: 12/12 MP: 3/3
     0 | D:1      | 0 ||| qw: Version: 0.3-a-9-g12657ce
     0 | D:1      | 0 ||| qw: Game counter: 1762
     0 | D:1      | 0 ||| qw: Always use a shield: true
     0 | D:1      | 0 ||| qw: God list: Okawaru
     0 | D:1      | 0 ||| qw: Allow faded altars: false
     0 | D:1      | 0 ||| qw: Do Orc after D:15 true
     0 | D:1      | 0 ||| qw: Do second Lair branch before Depths: true
     0 | D:1      | 0 ||| qw: Lair rune preference: random
     0 | D:1      | 0 ||| qw: Plans: Normal
     0 | D:1      | 0 ||| PLANNING D:1-11
   252 | D:1      | Reached XP level 2. HP: 16/16 MP: 4/4
   293 | D:1      | Reached skill level 6 in Ranged Weapons
   868 | D:1      | 868 ||| UPGRADING to +0 ring mail.
   878 | D:1      | 878 ||| DROPPING +0 leather armour.
   879 | D:1      | 879 ||| READING 2 scrolls labelled IFIENK AXTOCK.
   880 | D:1      | 880 ||| READING scroll labelled WOUQE BOOL.
   885 | D:1      | 885 ||| DROPPING scroll of butterflies.
   904 | D:2      | Reached XP level 3. HP: 16/20 MP: 5/5
  1009 | D:2      | Reached skill level 7 in Ranged Weapons
  1266 | D:2      | Found a faded altar of an unknown god.
  1613 | D:2      | Reached XP level 4. HP: 25/25 MP: 6/6
  1726 | D:2      | 1726 ||| UPGRADING to +4 ring of protection.
  1727 | D:2      | 1727 ||| READING scroll labelled LICHURGHADDEYWN.
  1728 | D:2      | 1728 ||| READING scroll labelled MITAMNO GEVU.
  1729 | D:2      | 1729 ||| READING scroll labelled QEN WI FUNOENASCH.
  1731 | D:2      | 1731 ||| Stepping ~*~*~tactically~*~*~ (cloud).
  1733 | D:2      | HP: 6/25 [poisoned by you (poison gas)]
  1736 | D:2      | HP: 2/25 [poisoned by you (poison gas)]
  1739 | D:2      | Succumbed to their own poison gas

Levels and vault maps discovered:
D:1:      minmay_arrival_jagged, layout_basic, minmay_rat_gold_closets
D:2:      layout_basic, shapermc_ecumenical_altar_gd, serial_glass,
          glass_columns_a, glass_columns_a

Skill      XL: |  1  2  3 |
---------------+----------+-----
Ranged Weapons | 6 7 |  7.5
Fighting       | |  1.5
Dodging        | |  2.4
Stealth        | |  1.2

Action                     |  1- 3 |  4- 6 || total
---------------------------+-------+-------++-------
   Fire: Shortbow          |   138 |     9 ||   147
    Use: Scroll            |     2 |     3 ||     5
 Armour: Leather armour    |    12 |       ||    12
         Ring mail         |     5 |     1 ||     6
  Dodge: Dodged            |    28 |     2 ||    30

Table legend:
 A = Non-vault XP
 B = Vault XP
 C = Vault XP percentage of total XP
 D = Non-vault monster count
 E = Vault monster count
 F = Vault count percentage of total count
                 A         B        C        D         E       F
            +---------+---------+-------+---------+---------+-------
      Total |      96 |       7 |   6.8 |      43 |       7 |  14.0
            +---------+---------+-------+---------+---------+-------
        D:1 |      33 |       7 |  17.5 |      23 |       7 |  23.3
        D:2 |      63 |       0 |   0.0 |      20 |       0 |   0.0
            +---------+---------+-------+---------+---------+-------
